 Dungeon Sprint DCSS version 0.30-a0-335-ge5acde7520 (webtiles) character file.

Game seed: 12093448752961666696

314275 mhtbhm the Armataur Barricade (level 19, -6/221 HPs)
             Began as an Armataur Fighter on Oct 30, 2022.
             Was an Initiate of Gozag.
             Mangled by a vampire knight
             ... wielding a +0 long sword
              (15 damage)
             ... while paralysed by a vampire knight
             ... in the Dungeon (Sprint IX: "|||||||||||||||||||||||||||||").
             The game lasted 00:27:16 (12700 turns).

mhtbhm the Armataur Barricade (Armataur Fighter)   Turns: 12700, Time: 00:27:16

Health: -6/221     AC: 35    Str: 28    XL:     19   Next: 9%
Magic:  19/19      EV:  1    Int: 11    God:    Gozag
Gold:   10932      SH:  0    Dex: 15    Spells: 18/18 levels left

rFire   + . .      SeeInvis +    M - +5 demon whip (elec)
rCold   + + +      Faith    .    c - +2 kite shield {rC+}
rNeg    + . .      Spirit   .    b - +8 plate armour "Jouqoic" {rElec Int+4}
rPois   +          Reflect  +    (helmet restricted)
rElec   +          Harm     .    r - scarf {rC+ rF+}
rCorr   .          Roll     +    F - +3 pair of gauntlets of War {Slay+5}
Will    +....      NoTele   +    (no barding)
Stlth   +++++++...               H - amulet of Naps {Reflect rPois SH+5}
HPRegen 0.56/turn                J - ring of the Crushed Bounties {rC+ Slay+3}
MPRegen 0.16/turn                K - ring "Giocexki" {rN+ Str+3 Dex+3 Slay-5 SInv}

@: paralysed, brilliant
A: large, rugged brown scales 3, deformed body, armoured tail, roll, long
tongue, awkward tongue, antennae 1, iridescent scales 1, thin skeletal structure
1, clumsy 1, dopey 1, screaming 1, weak 1, inability to drink after injury 1,
sturdy frame 1
}: 5/17 runes: decaying, serpentine, barnacled, silver, gossamer
a: Renounce Religion, Potion Petition, Call Merchant, Bribe Branch


You were in the Dungeon.
You worshipped Gozag.
Gozag was extremely pleased with you.
You visited 1 branch You collected 42851 gold pieces.
You spent 12164 gold pieces at shops.
You paid 19755 gold pieces to Gozag.

Inventory:

Hand Weapons
 a - the +5 demon whip "Texog" {drain, rF++ Dex+8}
   (You found it in the Dungeon)

   A truly terrible weapon, it drains the life of any living foe it strikes.
   Dex:       It affects your dexterity (+8).
   rF:        It greatly protects you from fire.
 l - a +3 vorpal morningstar
 y - the +10 dark maul {vorpal}
   (You bought it in a shop in the Dungeon)

   It inflicts extra damage upon your enemies.
 M - a +5 demon whip of electrocution (weapon)
Missiles
 u - 5 curare-tipped darts (quivered)
 v - 9 javelins
Armour
 b - the +8 plate armour "Jouqoic" (worn) {rElec Int+4}
   (You bought it in a shop in the Dungeon)

   Int:       It affects your intelligence (+4).
   rElec:     It insulates you from electricity.
 c - a +2 kite shield of cold resistance (worn)
 r - a scarf of resistance (worn)
 A - a +1 helmet
 F - the +3 pair of gauntlets of War (worn) {Slay+5}
   (You found it in the Dungeon)

   Slay:      It affects your accuracy & damage with ranged weapons and melee
   (+5).
Jewellery
 m - a +4 ring of protection
 C - a +4 ring of evasion
 D - a +6 ring of strength
 E - a ring of protection from cold
 H - the amulet of Naps (around neck) {Reflect rPois SH+5}
   (You found it in the Dungeon)

   [amulet of reflection]

   It reflects blocked missile attacks.
   rPois:     It protects you from poison.
   SH:        It affects your SH (+5).
 I - the ring "Amyog" {Fire *Corrode rElec Dex+2 Stlth+}
   (You found it in the Dungeon)

   [ring of fire]

   It enhances your fire magic.
   Dex:       It affects your dexterity (+2).
   rF:        It protects you from fire.
   rC:        It makes you vulnerable to cold.
   rElec:     It insulates you from electricity.
   *Corrode:  It may corrode you when you take damage.
   Stlth:     It makes you more stealthy.
 J - the ring of the Crushed Bounties (left hand) {rC+ Slay+3}
   (You found it in the Dungeon)

   [ring of slaying]

   Slay:      It affects your accuracy & damage with ranged weapons and melee
   (+3).
   rC:        It protects you from cold.
 K - the ring "Giocexki" (right hand) {rN+ Str+3 Dex+3 Slay-5 SInv}
   (You found it in the Dungeon)

   [ring of dexterity]

   Str:       It affects your strength (+3).
   Dex:       It affects your dexterity (+3).
   Slay:      It affects your accuracy & damage with ranged weapons and melee
   (-5).
   rN:        It protects you from negative energy.
   SInv:      It lets you see invisible.
 L - the ring of Estrug {Wiz Contam rPois rC++ Dex+2}
   (You found it in the Dungeon)

   [ring of wizardry]

   It improves your spell success rate.
   Dex:       It affects your dexterity (+2).
   rC:        It greatly protects you from cold.
   rPois:     It protects you from poison.
   Contam:    It causes magical contamination when unequipped.
Wands
 t - a wand of polymorph (4)
Scrolls
 i - 9 scrolls of enchant weapon
 j - 11 scrolls of blinking
 k - 3 scrolls of amnesia
 o - 4 scrolls of identify
 p - 6 scrolls of enchant armour
 q - 3 scrolls of fog
 s - 2 scrolls of immolation
 G - 2 scrolls of summoning
 O - a scroll of fear
Potions
 d - 3 potions of brilliance
 e - 4 potions of curing
 f - 2 potions of heal wounds
 g - 3 potions of mutation
 h - 9 potions of magic
 n - a potion of resistance
 w - 2 potions of might
 x - a potion of lignification
 B - 4 potions of berserk rage
 N - 7 potions of haste
Miscellaneous
 z - a condenser vane


   Skills:
 O Level 27 Fighting
 + Level 23.3(27) Axes
 O Level 27 Maces & Flails
 + Level 0.9 Throwing
 O Level 27 Armour
 + Level 18.4 Dodging
 O Level 27 Stealth
 O Level 27 Shields
 + Level 3.4 Unarmed Combat
 + Level 9.8 Evocations


You had 18 spell levels left.
You didn't know any spells.
Your spell library was empty.

Dungeon Overview and Level Annotations

Branches:
Dungeon (1/1)

Altars:
Cheibriados
Dithmenos
Elyvilon
Fedhas
Gozag
Hepliaklqana
Kikubaaqudgha
Makhleb
Nemelex Xobeh
Okawaru
Qazlal
Ru
Sif Muna
Trog
Uskayaw
Vehumet
Wu Jian
Xom
Yredelemnul
Zin
The Shining One
Jiyva
Lugonu

Shops:
D ?!(([?=[([!(([[[


Innate Abilities, Weirdness & Mutations

You are completely covered in rugged brown scales. (AC +3, +7% HP)
Armour fits poorly on your strangely shaped body.
You have a long armoured tail.
You roll when moving toward enemies. (Rampage)
Your long tongue fully drains potion bottles. (2x potion effects)
Your tongue gives you trouble enunciating. (1.5x scroll delay)
You have a pair of small antennae on your head.
You are partially covered in iridescent scales. (AC +2)
You have a somewhat thin skeletal structure. (Dex +2, Stealth+)
You are clumsy. (Dex -2)
You are dopey. (Int -2)
You occasionally shout uncontrollably at your foes.
You are weak. (Str -2)
You occasionally lose the ability to drink potions when taking damage.
Your movements are slightly less encumbered by armour. (ER -2)


Message History

The vampire knight is heavily damaged.
You block the vampire knight's attack. x2
Unknown command.
You slurp down every last drop of the 3 potions of heal wounds!
You feel much better.
The vampire knight closely misses you. x2
You block the vampire knight's attack. x2
The vampire knight draws life force from you!
The vampire knight is healed by the life force!
The vampire knight points at you and mumbles some strange words.
You suddenly lose the ability to move!
The vampire knight gestures at you while chanting.
You shrug off the repeated paralysis!
The vampire knight hits you but does no damage.
The vampire knight bites you but does no damage.
The vampire knight hits you with a +1 long sword.
The vampire knight bites you.
The vampire knight draws strength from your injuries!
The vampire knight hits you with a +0 long sword!!
* * * LOW HITPOINT WARNING * * *
The vampire knight bites you.
* * * LOW HITPOINT WARNING * * *
The vampire knight draws strength from your injuries!
The vampire knight hits you but does no damage.
The vampire knight bites you but does no damage.
The vampire knight hits you with a +0 long sword!
* * * LOW HITPOINT WARNING * * *
The vampire knight bites you but does no damage.
The vampire knight hits you with a +1 long sword.
* * * LOW HITPOINT WARNING * * *
The vampire knight bites you but does no damage.
The vampire knight draws life force from you.
* * * LOW HITPOINT WARNING * * *
The vampire knight is healed by the life force!
The vampire knight is no longer moving quickly.
The vampire knight hits you with a +1 long sword!!
* * * LOW HITPOINT WARNING * * *
The vampire knight bites you but does no damage.
The vampire knight hits you with a +0 long sword!
You die...
Your body crumbles into a pile of gold.

▓▓▓▓▓▓▓▓▓▓▓▓▓▓▓▓▓▓
▓...▓...▓...▓...▓.
▓.▓.▓∩▓.▓.▓.▓.▓.▓.
▓.▓.▓.▓.▓.▓.▓.▓.▓∩
▓$▓.▓.▓.▓'▓.▓.▓.▓.
▓$▓.▓.▓.▓)▓.▓.▓.▓.
▓$▓.▓.▓.▓.▓.▓.▓.▓.
▓V▓.▓.▓.▓)▓.▓.▓.▓.
▓@▓.▓.▓.▓)▓.▓'▓.▓.
▓V▓.▓.▓.▓.▓.▓.▓.▓.
▓V▓.▓'▓.▓.▓.▓.▓.▓.
▓○▓.▓.▓.▓.▓.▓.▓.▓)
▓.▓.▓.▓.▓.▓.▓.▓.▓)
▓.▓.▓.▓.▓.▓.▓.▓.▓.
▓☼▓.▓.▓.▓'▓.▓.▓.▓)
▓.▓.▓∩▓.▓.▓.▓.▓.▓)
♣.▓.▓.▓.▓.▓.▓)▓)


You could see 3 vampire knights.

Vanquished Creatures
  5 orbs of fire (D)
  Mennas (D)
  2 ancient liches (D)
  A juggernaut (D)
  Sojobo (D)
  Frederick (D)
  Xtahua (D)
  Margery (D)
  Nikola (D)
  5 golden dragons (D)
  2 bone dragons (D)
  4 electric golems (D)
  28 Orb Guardians (D)
  A tentacled monstrosity (D)
  2 liches (D)
  A quicksilver dragon (D)
  A sphinx (D)
  Frances (D)
  2 death cobs (D)
  Kirke (D)
  2 tengu reavers (D)
  10 shadow dragons (D)
  6 storm dragons (D)
  A fenstrider witch (D)
  3 fire giants (D)
  A draconian monk (D)
  A draconian knight (D)
  7 nagarajas (D)
  A draconian scorcher (D)
  2 emperor scorpions (D)
  3 frost giants (D)
  A deep elf sorcerer (D)
  A draconian annihilator (D)
  3 vault wardens (D)
  5 ghost moths (D)
  2 draconian shifters (D)
  A draconian stormcaller (D)
  An ironbound preserver (D)
  5 stone giants (D)
  6 vampire knights (D)
  4 ironbound thunderhulks (D)
  2 very ugly things (D)
  2 green draconians (D)
  4 red draconians (D)
  7 purple draconians (D)
  A black draconian (D)
  Azrael (D)
  3 spark wasps (D)
  2 yellow draconians (D)
  2 white draconians (D)
  2 ettins (D)
  6 merfolk impalers (D)
  A fire dragon (D)
  4 yaktaur captains (D)
  3 merfolk javelineers (D)
  A great orb of eyes (D)
  2 rakshasas (D)
  25 vault guards (D)
  An ogre mage (D)
  A spriggan air mage (D)
  5 hydras (D)
  2 ice dragons (D)
  2 catoblepae (D)
  A centaur warrior (D)
  A merfolk avatar (D)
  5 boulder beetles (D)
  2 merfolk aquamancers (D)
  3 naga warriors (D)
  2 alligators (D)
  3 tengu warriors (D)
  3 deep troll earth magi (D)
  Urug (D)
  2 spriggan berserkers (D)
  A naga sharpshooter (D)
  A shock serpent (D)
  A spriggan (D)
  Nergalle (D)
  5 hell knights (D)
  A pharaoh ant (D)
  Sonja (D)
  A salamander mystic (D)
  A flayed ghost (D)
  2 spriggan druids (D)
  8 deep trolls (D)
  4 swamp dragons (D)
  3 wizards (D)
  2 ironbound convokers (D)
  A lindwurm (D)
  A necromancer (D)
  4 ugly things (D)
  A mana viper (D)
  A manticore (D)
  2 will-o-the-wisps (D)
  A cyclops (D)
  6 orc knights (D)
  2 wolf spiders (D)
  11 moths of wrath (D)
  A water nymph (shapeshifter) (D)
  3 naga magi (D)
  A water nymph (D)
  4 vault sentinels (D)
  6 black mambas (D)
  2 merfolk sirens (D)
  3 cane toads (D)
  2 yaktaurs (D)
  An unseen horror (D)
  A rime drake (D)
  2 demonic crawlers (D)
  A freezing wraith (D)
  2 tengu conjurers (D)
  3 komodo dragons (D)
  2 merfolk (D)
  4 tyrant leeches (D)
  A meliai (shapeshifter) (D)
  4 trolls (D)
  A tarantella (D)
  A wind drake (D)
  A hornet (D)
  2 blink frogs (D)
  A snapping turtle (D)
  2 slime creatures (D)
  A water elemental (D)
  3 yaks (D)
  A fire elemental (D)
  2 hogs (D)
  A vampire mosquito (D)
  4 redbacks (D)
  2 nagas (D)
  3 hell hounds (D)
  A water moccasin (D)
  9 orc warriors (D)
  2 swamp drakes (D)
  3 bullfrogs (D)
  A scorpion (D)
  A howler monkey (D)
  A jelly (D)
  An orc priest (D)
  An iguana (D)
  9 orc wizards (D)
  4 worms (D)
  6 orcs (D)
  An endoplasm (D)
  A goblin (D)
  A hobgoblin (D)
  2 quokkas (D)
  A frilled lizard (D)
405 creatures vanquished.

Vanquished Creatures (collateral kills)
  A vault warden (D)
  An ironbound thunderhulk (D)
  A spark wasp (D)
  2 glowing orange brains (D)
5 creatures vanquished.

Vanquished Creatures (others)
  Ilsuiw (D)
  A centaur warrior (D)
  2 humans (D)
  3 foxfires (D)
7 creatures vanquished.

Grand Total: 417 creatures vanquished

Notes
Turn   | Place    | Note
-------+----------+-------------------------------------------
     0 | D        | mhtbhm the Armataur Fighter began the quest for the Orb.
     0 | D        | Reached XP level 1. HP: 19/19 MP: 1/1
    24 | D        | Noticed a jelly
    24 | D        | Noticed an iguana
    24 | D        | Noticed a scorpion
    27 | D        | Killed a jelly
    28 | D        | Reached skill level 5 in Armour
    28 | D        | Reached XP level 2. HP: 28/28 MP: 2/2
    28 | D        | Reached XP level 3. HP: 35/35 MP: 3/3
    30 | D        | Reached skill level 5 in Shields
    35 | D        | Killed a scorpion
    36 | D        | Reached skill level 5 in Fighting
    36 | D        | Reached XP level 4. HP: 44/44 MP: 4/4
    41 | D        | Found a snail-covered altar of Cheibriados.
    41 | D        | Found a shadowy altar of Dithmenos.
    41 | D        | Found a white marble altar of Elyvilon.
    41 | D        | Found a blossoming altar of Fedhas.
    41 | D        | Found an opulent altar of Gozag.
    42 | D        | Found a hazy altar of Hepliaklqana.
    43 | D        | Found a viscous altar of Jiyva.
    44 | D        | Found an ancient bone altar of Kikubaaqudgha.
    45 | D        | Found a corrupted altar of Lugonu.
    46 | D        | Found a burning altar of Makhleb.
    47 | D        | Found a sparkling altar of Nemelex Xobeh.
    48 | D        | Found an iron altar of Okawaru.
    49 | D        | Found a stormy altar of Qazlal.
    51 | D        | Became a worshipper of Gozag Ym Sagoz the Greedy
    70 | D        | Found a sacrificial altar of Ru.
    71 | D        | Found a shimmering blue altar of Sif Muna.
    72 | D        | Found a bloodstained altar of Trog.
    73 | D        | Found a hide-covered altar of Uskayaw.
    74 | D        | Found a radiant altar of Vehumet.
    75 | D        | Found an ornate altar of the Wu Jian Council.
    76 | D        | Found a shimmering altar of Xom.
    77 | D        | Found a basalt altar of Yredelemnul.
    78 | D        | Found a glowing silver altar of Zin.
    79 | D        | Found a glowing golden altar of the Shining One.
   127 | D        | Noticed an orc warrior
   127 | D        | Noticed an orc warrior
   127 | D        | Noticed a yak
   127 | D        | Noticed a yak
   136 | D        | Reached skill level 5 in Maces & Flails
   136 | D        | Reached XP level 5. HP: 53/53 MP: 5/5
   138 | D        | Killed an orc warrior
   142 | D        | Killed an orc warrior
   143 | D        | Reached skill level 1 in Evocations
   143 | D        | Reached XP level 6. HP: 56/62 MP: 6/6
   149 | D        | Killed a yak
   154 | D        | Killed a yak
   155 | D        | Reached XP level 7. HP: 56/71 MP: 7/7
   176 | D        | Killed an unseen horror
   177 | D        | Reached skill level 10 in Armour
   328 | D        | Noticed a tengu warrior
   328 | D        | Noticed a centaur warrior
   328 | D        | Noticed a centaur warrior
   328 | D        | Noticed a cyclops
   328 | D        | Noticed a brown ugly thing
   328 | D        | Noticed a green ugly thing
   332 | D        | Killed a centaur warrior
   337 | D        | Killed a tengu warrior
   338 | D        | Reached skill level 10 in Maces & Flails
   338 | D        | Reached skill level 1 in Dodging
   338 | D        | Reached XP level 8. HP: 42/80 MP: 8/8
   342 | D        | Killed a centaur warrior
   346 | D        | Killed a cyclops
   347 | D        | Reached XP level 9. HP: 31/89 MP: 9/9
   352 | D        | Killed a green ugly thing
   353 | D        | Reached skill level 1 in Stealth
   357 | D        | Killed a green ugly thing
   358 | D        | Reached skill level 10 in Fighting
   694 | D        | Noticed a rime drake
   694 | D        | Noticed a cane toad
   697 | D        | Noticed a black mamba
   698 | D        | Noticed a catoblepas
   705 | D        | Killed a rime drake
   734 | D        | Killed a cane toad
   748 | D        | Noticed a black mamba
  1069 | D        | Reached XP level 10. HP: 79/100 MP: 10/10
  1078 | D        | Killed a black mamba
  1084 | D        | Killed a black mamba
  1374 | D        | Killed a catoblepas
  1375 | D        | Reached skill level 15 in Armour
  1375 | D        | Reached skill level 5 in Stealth
  1533 | D        | Noticed a cane toad
  1533 | D        | Noticed a black mamba
  1551 | D        | Noticed a cane toad
  1564 | D        | Killed a cane toad
  1571 | D        | Killed a black mamba
  1572 | D        | Reached skill level 10 in Shields
  1810 | D        | Killed a cane toad
  1936 | D        | Noticed a lindwurm
  1961 | D        | Killed a lindwurm
  1962 | D        | Reached XP level 11. HP: 72/111 MP: 11/11
  2822 | D        | Noticed an orc knight
  2823 | D        | Noticed an orc knight
  2993 | D        | Killed an orc knight
  3484 | D        | Killed an orc knight
  3558 | D        | Found Tocoifex's Weapon Emporium.
  3558 | D        | Noticed a deep troll
  3558 | D        | Noticed an ogre mage
  3558 | D        | Noticed a deep troll
  3558 | D        | Noticed a deep troll
  3574 | D        | Killed a deep troll
  3574 | D        | Paralysed by something for 5 turns
  3575 | D        | Reached skill level 15 in Maces & Flails
  3594 | D        | Killed an ogre mage
  3601 | D        | Killed a deep troll
  3607 | D        | Killed a deep troll
  3609 | D        | Found Somao's Armour Shoppe.
  3613 | D        | Found Qove's Armour Emporium.
  3617 | D        | Noticed a deep troll
  3879 | D        | Noticed a deep troll
  3886 | D        | Killed a deep troll
  3901 | D        | Killed a deep troll
  3920 | D        | Noticed a deep troll
  3990 | D        | Killed a deep troll
  4052 | D        | Noticed a deep troll
  4053 | D        | Noticed a deep troll
  4069 | D        | Killed a deep troll
  4080 | D        | Killed a deep troll
  4081 | D        | Reached XP level 12. HP: 77/126 MP: 12/12
  4289 | D        | Found Jegicy Qyla's Armour Shoppe.
  4336 | D        | Bought a scarf of resistance for 384 gold pieces
  4364 | D        | Noticed Sonja
  4370 | D        | Killed Sonja
  4429 | D        | Noticed Urug
  4441 | D        | Killed Urug
  4546 | D        | Bought a potion of resistance for 160 gold pieces
  4546 | D        | Bought a potion of curing for 48 gold pieces
  4546 | D        | Bought a potion of berserk rage for 80 gold pieces
  4546 | D        | Bought a potion of curing for 48 gold pieces
  4548 | D        | Bought a +0 pair of gloves of strength for 138 gold pieces
  4554 | D        | Bought a +2 chain mail of fire resistance for 258 gold
                  | pieces
  4606 | D        | Got the +9 whip of the Magi {vorpal, rElec rPois Dex-4
                  | Stlth+}
  4630 | D        | Noticed a boulder beetle
  4630 | D        | Noticed a catoblepas
  4630 | D        | Noticed a boulder beetle
  4630 | D        | Noticed a boulder beetle
  4709 | D        | Killed a boulder beetle
  4740 | D        | Killed a catoblepas
  4779 | D        | Reached skill level 15 in Fighting
  5113 | D        | Killed a boulder beetle
  5314 | D        | Killed a boulder beetle
  5386 | D        | Noticed a spriggan air mage
  5389 | D        | Noticed an ettin
  5394 | D        | Noticed a tengu warrior
  5398 | D        | Noticed a stone giant
  5405 | D        | Killed a spriggan air mage
  5436 | D        | Killed a stone giant
  5449 | D        | Killed an ettin
  5464 | D        | Killed a tengu warrior
  5465 | D        | Reached skill level 15 in Shields
  5472 | D        | Noticed a rakshasa
  5668 | D        | Killed a rakshasa
  5746 | D        | Noticed a deep troll earth mage
  5757 | D        | Killed a deep troll earth mage
  5821 | D        | Noticed Kirke
  5851 | D        | Killed Kirke
  5852 | D        | Reached skill level 1 in Unarmed Combat
  6070 | D        | Bought the +14 obsidian axe {vorpal, Mesm Drain Fly SInv}
                  | for 2343 gold pieces
  6070 | D        | Found the +14 obsidian axe {vorpal, Mesm Drain Fly SInv}
  6072 | D        | Noticed a naga warrior
  6076 | D        | Killed a naga warrior
  6080 | D        | Reached XP level 13. HP: 128/138 MP: 13/13
  6088 | D        | Reached skill level 1 in Axes
  6290 | D        | Noticed a merfolk javelineer
  6306 | D        | Reached skill level 5 in Axes
  6315 | D        | Killed a merfolk javelineer
  6448 | D        | Noticed a fenstrider witch
  6466 | D        | Killed a fenstrider witch
  6738 | D        | Noticed a ghost moth
  6753 | D        | Killed a ghost moth
  6754 | D        | Reached skill level 10 in Axes
  6948 | D        | Noticed Azrael
  6964 | D        | Killed Azrael
  7093 | D        | Bought a fading plate armour for 700 gold pieces
  7093 | D        | Identified the +1 plate armour of Limitation {Fly rN+ Str+2
                  | Int-3 Dex+4} (You bought it in a shop in the Dungeon)
  7094 | D        | Bought a pitted chain mail for 237 gold pieces
  7094 | D        | Identified the +1 chain mail of Space {rC- Will+ Int+4
                  | Stlth+} (You bought it in a shop in the Dungeon)
  7095 | D        | Bought masterwork storm dragon scales for 2125 gold pieces
  7095 | D        | Identified the +1 storm dragon scales of Leapfrog {rElec
                  | rN+ Int-5 SInv} (You bought it in a shop in the Dungeon)
  7128 | D        | Noticed a spark wasp
  7128 | D        | Noticed an ettin
  7129 | D        | Noticed a fire giant
  7141 | D        | Killed a spark wasp
  7152 | D        | Noticed a frost giant
  7155 | D        | Killed a fire giant
  7156 | D        | Reached XP level 14. HP: 59/149 MP: 14/14
  7159 | D        | Noticed a sphinx
  7171 | D        | Killed a frost giant
  7172 | D        | Noticed a fire giant
  7183 | D        | Killed a sphinx
  7191 | D        | Noticed a white very ugly thing
  7193 | D        | Killed a fire giant
  7221 | D        | Killed a white very ugly thing
  7222 | D        | Reached skill level 10 in Stealth
  7371 | D        | Noticed a vault warden
  7371 | D        | Noticed an ironbound thunderhulk
  7375 | D        | Killed a vault warden
  7378 | D        | Noticed an ironbound thunderhulk
  7380 | D        | Killed an ironbound thunderhulk
  7385 | D        | Noticed an ironbound thunderhulk
  7387 | D        | Noticed a vault warden
  7392 | D        | Noticed an ironbound preserver
  7393 | D        | Killed an ironbound thunderhulk
  7394 | D        | Noticed an ironbound thunderhulk
  7414 | D        | Killed an ironbound thunderhulk
  7425 | D        | Killed a vault warden
  7426 | D        | Reached skill level 15 in Axes
  7426 | D        | Noticed a vault warden
  7428 | D        | Killed an ironbound preserver
  7429 | D        | Noticed an ironbound thunderhulk
  7432 | D        | Noticed a vault warden
  7436 | D        | Killed an ironbound thunderhulk
  7447 | D        | Killed a vault warden
  7456 | D        | Killed a vault warden
  7471 | D        | Killed an ironbound thunderhulk
  7985 | D        | Noticed Nikola
  8002 | D        | Killed Nikola
  8109 | D        | Found the +3 pair of gauntlets of War {Slay+5}
  8211 | D        | Noticed Mennas
  8228 | D        | Killed Mennas
  8234 | D        | Reached XP level 15. HP: 100/162 MP: 15/15
  8383 | D        | Noticed an emperor scorpion
  8388 | D        | Noticed an emperor scorpion
  8395 | D        | Killed an emperor scorpion
  8406 | D        | Killed an emperor scorpion
  8419 | D        | Got a gossamer rune of Zot
  8508 | D        | Bought a scroll of summoning for 180 gold pieces
  8508 | D        | Bought 3 scrolls of enchant weapon for 427 gold pieces
  8508 | D        | Bought 2 scrolls of identify for 76 gold pieces
  8520 | D        | Bought an amulet of reflection for 480 gold pieces
  8526 | D        | Noticed a nagaraja
  8526 | D        | Noticed a nagaraja
  8526 | D        | Noticed a nagaraja
  8526 | D        | Noticed a nagaraja
  8530 | D        | Killed a nagaraja
  8531 | D        | Reached skill level 5 in Dodging
  8533 | D        | Killed a nagaraja
  8533 | D        | Noticed a nagaraja
  8535 | D        | Killed a nagaraja
  8538 | D        | Noticed a nagaraja
  8539 | D        | Killed a nagaraja
  8552 | D        | Killed a nagaraja
  8553 | D        | Noticed a nagaraja
  8558 | D        | Killed a nagaraja
  8564 | D        | Killed a nagaraja
  8585 | D        | Got a serpentine rune of Zot
  8842 | D        | Noticed Ilsuiw
  8864 | D        | Killed Ilsuiw
  8921 | D        | Got a barnacled rune of Zot
  9180 | D        | Got a decaying rune of Zot
  9361 | D        | Noticed Frederick
  9371 | D        | Killed Frederick
  9399 | D        | Noticed Xtahua
  9406 | D        | Paralysed by Xtahua for 5 turns
  9413 | D        | Killed Xtahua
  9576 | D        | Bought a spiked plate armour for 756 gold pieces
  9576 | D        | Identified the +6 plate armour of the Garden {rElec Dex+4
                  | SInv} (You bought it in a shop in the Dungeon)
  9577 | D        | Bought a warped plate armour for 756 gold pieces
  9577 | D        | Identified the +8 plate armour "Jouqoic" {rElec Int+4} (You
                  | bought it in a shop in the Dungeon)
  9632 | D        | Reached XP level 16. HP: 180/180 MP: 16/16
  9803 | D        | Noticed a golden dragon
  9827 | D        | Noticed a shadow dragon
  9828 | D        | Killed a golden dragon
  9845 | D        | Noticed a shadow dragon
  9854 | D        | Killed a shadow dragon
  9861 | D        | Killed a shadow dragon
  9947 | D        | Noticed a shadow dragon
  9947 | D        | Noticed a shadow dragon
  9947 | D        | Noticed an ancient lich
  9947 | D        | Noticed a shadow dragon
  9950 | D        | Noticed a shadow dragon
  9954 | D        | Killed a shadow dragon
  9963 | D        | Killed an ancient lich
  9970 | D        | Killed a shadow dragon
  9978 | D        | Killed a shadow dragon
  9987 | D        | Killed a shadow dragon
 10002 | D        | Got a silver rune of Zot
 10056 | D        | Noticed a tengu reaver
 10056 | D        | Noticed Sojobo
 10057 | D        | Noticed a tengu reaver
 10062 | D        | Killed a tengu reaver
 10079 | D        | Killed Sojobo
 10084 | D        | Killed a tengu reaver
 10397 | D        | Noticed Frances
 10404 | D        | Killed Frances
 10436 | D        | Got the amulet of Naps {Reflect rPois SH+5}
 10438 | D        | Got the ring "Amyog" {Fire *Corrode rElec Dex+2 Stlth+}
 10440 | D        | Got the ring of the Crushed Bounties {rC+ Slay+3}
 10442 | D        | Got the ring "Giocexki" {rN+ Str+3 Dex+3 Slay-5 SInv}
 10444 | D        | Got the ring of Estrug {Wiz Contam rPois rC++ Dex+2}
 10460 | D        | Got the +5 demon whip "Texog" {drain, rF++ Dex+8}
 10613 | D        | Noticed Margery
 10630 | D        | Killed Margery
 10760 | D        | Noticed Nergalle
 10767 | D        | Killed Nergalle
 10802 | D        | Noticed a juggernaut
 10819 | D        | Killed a juggernaut
 10820 | D        | Reached XP level 17. HP: 197/197 MP: 17/17
 10896 | D        | Noticed a golden dragon
 10896 | D        | Noticed a bone dragon
 10896 | D        | Noticed a bone dragon
 10916 | D        | Killed a bone dragon
 10932 | D        | Killed a bone dragon
 10940 | D        | Killed a golden dragon
 10955 | D        | Reached skill level 27 in Shields
 11172 | D        | Noticed an orb of fire
 11177 | D        | Reached skill level 15 in Stealth
 11188 | D        | Gained mutation: You are vulnerable to heat. (rF-) [an orb
                  | of fire]
 11191 | D        | Gained mutation: You are weak. (Str -2) [an orb of fire]
 11194 | D        | Gained mutation: You occasionally shout uncontrollably at
                  | your foes. [an orb of fire]
 11195 | D        | Killed an orb of fire
 11214 | D        | Lost mutation: You are weak. (Str -2) [potion of mutation]
 11214 | D        | Lost mutation: You are vulnerable to heat. (rF-) [potion of
                  | mutation]
 11214 | D        | Lost mutation: You occasionally shout uncontrollably at
                  | your foes. [potion of mutation]
 11214 | D        | Gained mutation: You occasionally lose the ability to read
                  | scrolls when taking damage. [potion of mutation]
 11214 | D        | Gained mutation: You have a somewhat thin skeletal
                  | structure. (Dex +2, Stealth+) [potion of mutation]
 11214 | D        | Gained mutation: You have supernaturally acute eyesight.
                  | (SInv) [potion of mutation]
 11214 | D        | Gained mutation: You have a pair of small antennae on your
                  | head. [potion of mutation]
 11214 | D        | Gained mutation: You have large cloven feet. [potion of
                  | mutation]
 11214 | D        | Gained mutation: You are partially covered in iridescent
                  | scales. (AC +2) [potion of mutation]
 11214 | D        | Gained mutation: You are agile. (Dex +4, Str/Int -1)
                  | [potion of mutation]
 11215 | D        | Lost mutation: You have large cloven feet. [potion of
                  | mutation]
 11215 | D        | Lost mutation: You occasionally lose the ability to read
                  | scrolls when taking damage. [potion of mutation]
 11215 | D        | Lost mutation: You have supernaturally acute eyesight.
                  | (SInv) [potion of mutation]
 11215 | D        | Lost mutation: You are agile. (Dex +4, Str/Int -1) [potion
                  | of mutation]
 11215 | D        | Gained mutation: You have hidden genetic potential. [potion
                  | of mutation]
 11215 | D        | Gained mutation: You are clumsy. (Dex -2) [potion of
                  | mutation]
 11215 | D        | Lost mutation: You have a pair of small antennae on your
                  | head. [potion of mutation]
 11215 | D        | Gained mutation: You have a pair of small antennae on your
                  | head. [potion of mutation]
 11353 | D        | Reached skill level 27 in Fighting
 11542 | D        | Noticed a golden dragon
 11545 | D        | Reached skill level 27 in Armour
 11545 | D        | Noticed a quicksilver dragon
 11580 | D        | Killed a golden dragon
 11584 | D        | Killed a quicksilver dragon
 11598 | D        | Noticed a golden dragon
 11605 | D        | Killed a golden dragon
 11781 | D        | Bought a scroll of immolation for 64 gold pieces
 11781 | D        | Bought a scroll of blinking for 120 gold pieces
 11781 | D        | Bought a scroll of summoning for 152 gold pieces
 11781 | D        | Bought a scroll of enchant weapon for 120 gold pieces
 11788 | D        | Noticed an Orb Guardian
 11788 | D        | Noticed an Orb Guardian
 11788 | D        | Noticed an Orb Guardian
 11788 | D        | Noticed an Orb Guardian
 11788 | D        | Noticed an Orb Guardian
 11788 | D        | Noticed an Orb Guardian
 11789 | D        | Noticed an Orb Guardian
 11798 | D        | Killed an Orb Guardian
 11811 | D        | Killed an Orb Guardian
 11812 | D        | Noticed an Orb Guardian
 11817 | D        | Killed an Orb Guardian
 11818 | D        | Noticed an Orb Guardian
 11820 | D        | Killed an Orb Guardian
 11828 | D        | Killed an Orb Guardian
 11829 | D        | Reached XP level 18. HP: 214/214 MP: 18/18
 11829 | D        | Noticed an Orb Guardian
 11838 | D        | Killed an Orb Guardian
 11839 | D        | Killed an Orb Guardian
 11843 | D        | Killed an Orb Guardian
 11848 | D        | Killed an Orb Guardian
 11850 | D        | Killed an Orb Guardian
 11883 | D        | Bought a potion of berserk rage for 80 gold pieces
 11883 | D        | Bought a potion of curing for 48 gold pieces
 11883 | D        | Bought a potion of might for 64 gold pieces
 11883 | D        | Bought a potion of haste for 160 gold pieces
 11883 | D        | Bought a potion of curing for 48 gold pieces
 11888 | D        | Noticed a golden dragon
 11888 | D        | Noticed an Orb Guardian
 11888 | D        | Noticed an Orb Guardian
 11889 | D        | Noticed an Orb Guardian
 11890 | D        | Noticed an Orb Guardian
 11892 | D        | Killed a golden dragon
 11895 | D        | Killed an Orb Guardian
 11903 | D        | Killed an Orb Guardian
 11924 | D        | Killed an Orb Guardian
 11934 | D        | Killed an Orb Guardian
 11959 | D        | Noticed an ancient lich
 11965 | D        | Killed an ancient lich
 11969 | D        | Noticed an orb of fire
 11975 | D        | Killed an orb of fire
 11978 | D        | Noticed an electric golem
 11981 | D        | Killed an electric golem
 11984 | D        | Noticed an Orb Guardian
 11984 | D        | Noticed an Orb Guardian
 11984 | D        | Noticed an electric golem
 11984 | D        | Noticed an electric golem
 11992 | D        | Noticed an orb of fire
 11994 | D        | Killed an Orb Guardian
 11996 | D        | Noticed a tentacled monstrosity
 12000 | D        | Killed an Orb Guardian
 12002 | D        | Noticed an electric golem
 12009 | D        | Killed an orb of fire
 12009 | D        | Gained mutation: Your movements are slightly less
                  | encumbered by armour. (ER -2) [hidden potential]
 12010 | D        | Reached skill level 27 in Maces & Flails
 12025 | D        | Killed a tentacled monstrosity
 12026 | D        | Noticed an orb of fire
 12035 | D        | Noticed an orb of fire
 12040 | D        | Killed an electric golem
 12043 | D        | Gained mutation: You occasionally shout uncontrollably at
                  | your foes. [an orb of fire]
 12053 | D        | Gained mutation: You occasionally lose the ability to drink
                  | potions when taking damage. [an orb of fire]
 12060 | D        | Gained mutation: You are weak. (Str -2) [an orb of fire]
 12062 | D        | Killed an orb of fire
 12063 | D        | Reached skill level 27 in Stealth
 12063 | D        | Lost mutation: You have hidden genetic potential. [an orb
                  | of fire]
 12083 | D        | Gained mutation: You are dopey. (Int -2) [an orb of fire]
 12086 | D        | Killed an orb of fire
 12087 | D        | Reached skill level 10 in Dodging
 12087 | D        | Reached skill level 5 in Evocations
 12130 | D        | Killed an electric golem
 12131 | D        | Killed an electric golem
 12430 | D        | Bought a runed morningstar for 245 gold pieces
 12431 | D        | Noticed an Orb Guardian
 12431 | D        | Noticed an Orb Guardian
 12431 | D        | Noticed an Orb Guardian
 12431 | D        | Noticed an Orb Guardian
 12431 | D        | Noticed an Orb Guardian
 12431 | D        | Noticed an Orb Guardian
 12436 | D        | Killed an Orb Guardian
 12442 | D        | Killed an Orb Guardian
 12447 | D        | Killed an Orb Guardian
 12448 | D        | Noticed an Orb Guardian
 12455 | D        | Killed an Orb Guardian
 12462 | D        | Killed an Orb Guardian
 12463 | D        | Killed an Orb Guardian
 12464 | D        | Reached skill level 15 in Dodging
 12464 | D        | Noticed an Orb Guardian
 12464 | D        | Noticed an Orb Guardian
 12465 | D        | Noticed an Orb Guardian
 12465 | D        | Noticed an Orb Guardian
 12474 | D        | Killed an Orb Guardian
 12476 | D        | Killed an Orb Guardian
 12477 | D        | Noticed an Orb Guardian
 12489 | D        | Killed an Orb Guardian
 12495 | D        | Killed an Orb Guardian
 12500 | D        | Killed an Orb Guardian
 12504 | D        | Killed an Orb Guardian
 12530 | D        | Bought the +10 dark maul {vorpal} for 1867 gold pieces
 12530 | D        | Found the +10 dark maul {vorpal}
 12619 | D        | Noticed a lich
 12619 | D        | Noticed a lich
 12633 | D        | Killed a lich
 12634 | D        | Reached XP level 19. HP: 193/221 MP: 19/19
 12649 | D        | Paralysed by a vampire knight for 5 turns
 12682 | D        | Paralysed by something for 5 turns
 12696 | D        | Paralysed by a vampire knight for 5 turns
 12700 | D        | HP: 9/221 [vampire knight/+1 long sword (20)]
 12700 | D        | Mangled by a vampire knight

Illustrated notes

Levels and vault maps discovered:
D:        linesprint [early_d, line_temple, items_1, d_10, items_2, lair_1,
          lair_end, items_3, orc_1, orc_end, items_4, d_15, swamp_1, shoals_1,
          snake_1, spider_1, d_20, vaults_1, items_5, swamp_end, shoals_end,
          snake_end, spider_end, vaults_end, d_27, items_6, zot_1, zot_end,
          crypt_end, forest_end, elf_end, slime_end, tomb_end, abyss_end,
          pan_hell_end]

Skill      XL: |  1  2  3  4  5  6  7  8  9 10 11 12 13 14 15 16 17 18 19 |
---------------+----------------------------------------------------------+-----
Fighting       | 4 5 6 7 8 9 10 12 14 16 17 19 22 25 27 | 27.0
Maces & Flails | 3 4 5 6 8 10 11 13 14 15 16 23 27 | 27.0
Armour         | 5 6 7 8 9 11 13 14 16 18 20 21 22 24 25 27 | 27.0
Shields        | 4 6 7 8 10 13 15 17 18 23 26 27 | 27.0
Evocations     | 1 2 3 4 8 9 |  9.8
Dodging        | 1 2 3 4 6 7 8 17 18 | 18.4
Stealth        | 3 5 8 9 10 11 13 19 27 | 27.0
Unarmed Combat | 1 3 |  3.4
Axes           | 11 17 20 23 | 23.3
Throwing       | |  0.9

Action                   |  1- 3 |  4- 6 |  7- 9 | 10-12 | 13-15 | 16-18 | 19-21 || total
-------------------------+-------+-------+-------+-------+-------+-------+-------++-------
Melee: Flail             |    23 |    18 |    76 |   484 |       |       |       ||   601
       Tailslap          |     3 |     3 |    14 |   154 |   106 |   218 |     8 ||   506
       Whip              |       |       |       |   227 |       |       |       ||   227
       Unarmed           |       |       |       |    15 |       |       |       ||    15
       Broad axe         |       |       |       |     7 |   578 |   229 |       ||   814
       Demon whip        |       |       |       |       |       |   718 |    44 ||   762
Throw: Javelin           |       |       |       |       |     1 |       |       ||     1
Invok: Potion Petition   |       |       |       |     1 |     3 |     1 |       ||     5
       Call Merchant     |       |       |       |     4 |     4 |     4 |       ||    12
Evoke: Wand              |       |     4 |     1 |     2 |     3 |       |       ||    10
       Condenser vane    |       |       |       |       |       |     1 |     1 ||     2
  Use: Potion            |     1 |     1 |     3 |    10 |    12 |     4 |     5 ||    36
       Scroll            |       |       |       |     3 |     1 |       |       ||     4
 Stab: Invisible         |       |       |     3 |       |       |       |       ||     3
       Petrified         |       |       |     2 |     4 |       |       |       ||     6
       Distracted        |       |       |       |     1 |     8 |    25 |     1 ||    35
       Fleeing           |       |       |       |     1 |       |       |       ||     1
       Sleeping          |       |       |       |       |       |     6 |       ||     6
Armor: Scale mail        |     7 |       |       |       |       |       |       ||     7
       Plate armour      |       |     1 |    33 |   131 |     3 |   161 |    81 ||   410
       Chain mail        |       |       |       |    46 |    25 |       |       ||    71
       Storm dragon scal |       |       |       |       |   135 |       |       ||   135
Dodge: Dodged            |     5 |     3 |     7 |    79 |    73 |    91 |     7 ||   265
Block: Buckler           |     3 |     1 |     4 |       |       |       |       ||     8
       Kite shield       |       |       |    18 |   268 |   302 |   411 |    39 ||  1038
       Reflection        |       |       |       |       |     6 |     3 |       ||     9

Table legend: (Time is in decaauts) A = Elapsed time spent in this place. B = Non-inter-level travel time spent in this place. C = Inter-level travel time spent in this place. D = Time resting spent in this place. E = Time spent auto-exploring this place. F = Levels seen in this place. G = Mean time per level. A B C D E F G +--------+--------+--------+--------+--------+-----+--------+ Total | 11973 | 11973 | 0 | 5522 | 1257 | 1 | 11973.0 | Dungeon | 11973 | 11973 | 0 | 5522 | 1257 | 1 | 11973.0 | +--------+--------+--------+--------+--------+-----+--------+

Top non-repeatable levels by time:
       D: 11973 daAuts
